 Dungeon Crawl Stone Soup version 0.22-b1-26-g9dbaab1 (webtiles) character file.

5090 dracos369 the Spear-Bearer (level 10, -2/85 HPs)
             Began as a Merfolk Chaos Knight on Aug 8, 2018.
             Slain by a killer bee (3 damage)
             ... on level 8 of the Dungeon.
             The game lasted 00:26:12 (8193 turns).

dracos369 the Spear-Bearer (Merfolk Chaos Knight)   Turns: 8193, Time: 00:26:14

Health: -2/85      AC:  7    Str: 17    XL:     10   Next: 57%
Magic:  15/15      EV: 16    Int: 11    God:    Xom [*.....]
Gold:   375        SH:  0    Dex: 13    Spells: 9/9 levels left

rFire    + . .     SeeInvis +   E - +0 halberd
rCold    + . .     Gourm    .   (shield currently unavailable)
rNeg     . . .     Faith    .   b - +2 leather armour
rPois    .         Spirit   .   o - +1 helmet
rElec    .         Reflect  .   i - scarf {rC+ rF+}
rCorr    .         Harm     .   (no gloves)
MR       .....                  (no boots)
Stlth    +.........             (no amulet)
HPRegen  0.24/turn              h - ring of see invisible
MPRegen  0.14/turn              (no ring)

@: lethally poisoned (-2 -> -10), drained
A: change form in water, swift swim, stealthy swim
a: Renounce Religion


You were on level 8 of the Dungeon.
You worshipped Xom.
You were a special plaything of Xom.
You were hungry.

You visited 2 branches of the dungeon, and saw 9 of its levels.

You collected 453 gold pieces.
You spent 78 gold pieces at shops.

Inventory:

Hand Weapons
 a - a +0 spear of chaos
 E - a +0 halberd (weapon)
Missiles
 u - 4 tomahawks (quivered)
 D - a throwing net
Armour
 b - a +2 leather armour (worn)
 i - a scarf of resistance (worn)
 o - a +1 helmet (worn)
 w - a +1 robe of the Archmagi
Jewellery
 h - a ring of see invisible (left hand)
Wands
 p - a wand of enslavement (15)
 t - a wand of iceblast (8)
 z - a wand of scattershot (3)
 B - a wand of disintegration (13)
 C - a wand of paralysis (12)
Scrolls
 d - a scroll of noise {unknown}
 e - 3 scrolls of blinking {unknown}
 f - 5 scrolls of teleportation
 g - 6 scrolls of amnesia {unknown}
 k - 7 scrolls of identify {unknown}
 l - 2 scrolls of enchant armour {unknown}
 m - 2 scrolls of fear
 n - 4 scrolls of remove curse {unknown}
 s - a scroll of immolation {unknown}
 v - 2 scrolls of magic mapping {unknown}
 x - 2 scrolls of enchant weapon {unknown}
 y - a scroll of silence {unknown}
Potions
 j - a potion of degeneration {unknown}
 q - a potion of agility
 r - 3 potions of curing
 A - a potion of brilliance {unknown}
Comestibles
 c - 18 rations
 F - 5 chunks of flesh


   Skills:
 + Level 10.0(9.0) Fighting
 * Level 12.2(11.2) Polearms
 - Level 0.6(0.0) Armour
 + Level 9.2(8.2) Dodging
 + Level 6.7(5.8) Evocations


You had 9 spell levels left.
You didn't know any spells.
Your spell library contained the following spells:

 Spells                   Type           Power        Failure   Level  Hunger
 Spider Form              Tmut/Pois      #.........   78%         3    ####...
 Blade Hands              Tmut           #.........   100%        5    ######.
 Ice Form                 Ice/Tmut       #.......     99%         4    #####..
 Sticks to Snakes         Tmut           #.......     54%         2    ###....
 Beastly Appendage        Tmut           #.....       41%         1    ##.....


Dungeon Overview and Level Annotations

Branches:
Dungeon (8/15)             Temple (1/1) D:5
   Lair: D:8-11

Altars:
Ashenzari
Cheibriados
Dithmenos
Elyvilon
Fedhas
Gozag
Hepliaklqana
Kikubaaqudgha
Makhleb
Nemelex Xobeh
Okawaru
Qazlal
Ru
Sif Muna
Trog
Uskayaw
Vehumet
Wu Jian
Xom
Yredelemnul
Zin
The Shining One

Shops:
D:4 ?   D:6 %


Message History

* * * LOW HITPOINT WARNING * * *
The killer bee closely misses you. The shadow imp misses you.
You slash the killer bee!
The killer bee is heavily wounded.
You feel sick.
The killer bee stings you but does no damage.
The killer bee closely misses you. The shadow imp misses you.
You miss the killer bee.
The killer bee is heavily wounded.
The killer bee stings you.
* * * LOW HITPOINT WARNING * * *
You are lethally poisoned!
The killer bee poisons you! The shadow imp gestures at you.
Pain shoots through your body!
* * * LOW HITPOINT WARNING * * *
Xom roars with laughter!
The killer bee stings you.
You die... "I guess I need a new plaything now."

#.#####.###...
#.#...#.###..#
########.....#.##...#
#............#.##..##
#.######.>.._..#...#
##..._...#..##
#..###.#_...#
#.#####.##.#.#...##
#..5@y.....#.#...#
#######.##.#.#..##
#.# #.#... ..#
#.#...# .## #.#.... .
#.... #.


You could see a killer bee and a shadow imp.

Vanquished Creatures
  Erica (D:8)
  An unseen horror (D:8)
  Sigmund (D:5)
  3 orc warriors
  A black bear (D:6)
  A hornet zombie (D:7)
  An ice beast (D:8)
  4 sky beasts (D:7)
  A necrophage (D:6)
  5 ogres
  2 centaurs
  Blork the orc (D:5)
  5 bullfrogs
  5 scorpions
  3 killer bees (D:8)
  A crimson imp (D:5)
  A howler monkey (D:4)
  3 hounds
  3 jellies
  5 orc priests
  A bullfrog skeleton (D:4)
  2 centaur skeletons
  3 iguanas
  12 orc wizards
  3 worker ants
  A killer bee zombie (D:7)
  2 worker ant zombies
  Robin (D:2)
  3 gnolls (D:2)
  7 adders
  2 shadow imps
  An ooze (D:2)
  4 adder skeletons
  4 worms
  A dart slug (D:3)
  2 leopard geckos
  23 orcs
  14 bats
  3 giant cockroaches
  8 hobgoblins
  2 jackals (D:5)
  3 kobolds
  4 quokkas
  9 frilled lizards
  17 goblins
  A leopard gecko skeleton (D:4)
  A quokka skeleton (D:5)
  A quokka zombie (D:8)
  7 rats
  2 fungi (D:5)
192 creatures vanquished.

Vanquished Creatures (collateral kills)
  An ogre (D:8)
  A centaur (D:5)
  An orc priest (D:8)
  3 orcs
6 creatures vanquished.

Vanquished Creatures (others)
  A black bear (D:7)
  A centaur (D:5)
2 creatures vanquished.

Grand Total: 200 creatures vanquished

Notes
Turn   | Place    | Note
-------+----------+-------------------------------------------
     0 | D:1      | dracos369 the Merfolk Chaos Knight began the quest for the Orb.
     0 | D:1      | Reached XP level 1. HP: 18/18 MP: 1/1
    11 | D:1      | XOM: smoke on damage
    39 | D:1      | Reached XP level 2. HP: 19/24 MP: 2/2
    84 | D:1      | Reached skill level 5 in Polearms
   390 | D:1      | You fall through a shaft!
   424 | D:2      | Reached XP level 3. HP: 29/29 MP: 3/3
   434 | D:2      | Reached skill level 6 in Polearms
   498 | D:2      | Noticed Robin
   706 | D:1      | XOM: potion effect (heal wounds)
   796 | D:2      | Killed Robin
   796 | D:2      | Reached XP level 4. HP: 28/35 MP: 4/4
   926 | D:2      | Found a shattered altar of Ashenzari.
   986 | D:2      | XOM: silly message
  1077 | D:2      | XOM: potion effect (berserk rage)
  1079 | D:2      | Reached skill level 7 in Polearms
  1227 | D:3      | Reached XP level 5. HP: 35/41 MP: 5/5
  1385 | D:3      | Reached skill level 8 in Polearms
  1408 | D:3      | Found a deep blue altar of Sif Muna.
  1521 | D:3      | XOM: cloud trail
  1740 | D:3      | XOM: divination: magic mapping
  1900 | D:3      | XOM: harmless Fire miscast
  1969 | D:4      | Reached skill level 9 in Polearms
  1969 | D:4      | Reached XP level 6. HP: 15/47 MP: 6/6
  2433 | D:4      | XOM: silly message
  2515 | D:4      | Reached skill level 1 in Evocations
  2682 | D:4      | Found Jicaman's Magic Scroll Shoppe.
  2686 | D:4      | Bought a scroll of fear for 42 gold pieces
  2686 | D:4      | Bought a scroll of teleportation for 36 gold pieces
  2773 | D:4      | XOM: divination: detect creatures
  2807 | D:4      | Reached skill level 10 in Polearms
  2807 | D:4      | Reached XP level 7. HP: 39/54 MP: 6/8
  2928 | D:4      | XOM: cloud trail
  2934 | D:4      | You fall through a shaft for 3 floors!
  2943 | D:7      | XOM: divination: magic mapping
  2960 | D:7      | XOM: potion effect (might)
  2989 | D:6      | XOM: potion effect (heal wounds)
  3021 | D:6      | XOM: divination: detect creatures
  3062 | D:6      | XOM: harmless Summ miscast
  3067 | D:6      | Reached skill level 11 in Polearms
  3080 | D:6      | Reached XP level 8. HP: 61/61 MP: 10/10
  3091 | D:6      | Reached skill level 5 in Fighting
  3104 | D:6      | XOM: harmless Hex miscast
  3114 | D:6      | XOM: medium Conj miscast
  3376 | D:6      | Found Gosheon's Food Shop.
  3397 | D:6      | XOM: 6-stop teleportation journey
  3475 | D:5      | Entered Level 5 of the Dungeon
  3871 | D:5      | XOM: enchant monster (good)
  3890 | D:5      | Noticed Blork the orc
  3891 | D:5      | XOM: potion effect (invisibility)
  3897 | D:5      | XOM: medium Hex miscast
  3930 | D:5      | Reached skill level 12 in Polearms
  3932 | D:5      | Killed Blork the orc
  3962 | D:5      | Found a snail-covered altar of Cheibriados.
  3962 | D:5      | Found an opulent altar of Gozag.
  3962 | D:5      | XOM: 2-stop teleportation journey
  4234 | D:5      | XOM: summons 4 hostile demons
  4362 | D:5      | XOM: mild Tmut miscast
  4424 | D:5      | Found a staircase to the Ecumenical Temple.
  4863 | D:5      | Reached XP level 9. HP: 71/71 MP: 12/12
  4933 | D:5      | Noticed Sigmund
  4940 | D:5      | Killed Sigmund
  4945 | D:5      | XOM: mild Chrm miscast
  4983 | D:5      | XOM: mild Tloc miscast
  4984 | D:5      | XOM: silly message
  4996 | D:5      | XOM: cast spell 'Summon Mana Viper'
  5359 | D:5      | XOM: mild Summ miscast
  5453 | D:5      | XOM: harmless Pois miscast
  5486 | D:5      | Reached skill level 5 in Evocations
  5711 | D:5      | XOM: harmless Ice miscast
  5717 | D:5      | Found the +7 Singing Sword
  5731 | D:5      | XOM: harmless Erth miscast
  5793 | Temple   | Entered the Ecumenical Temple
  6028 | D:6      | XOM: cast spell 'Summon Ice Beast'
  6037 | D:6      | XOM: noise
  6059 | D:6      | Reached skill level 5 in Dodging
  6137 | D:6      | XOM: silly message
  6320 | D:6      | XOM: silly message
  6380 | D:7      | XOM: divination: magic mapping
  6405 | D:7      | XOM: divination: detect items
  6518 | D:7      | XOM: divination: detect creatures
  6650 | D:7      | XOM: cast spell 'Olgreb's Toxic Radiance'
  7036 | D:7      | XOM: potion effect (haste)
  7403 | D:8      | XOM: mild Conj miscast
  7415 | D:8      | Reached XP level 10. HP: 68/82 MP: 14/14
  7511 | D:8      | Noticed Erica
  7534 | D:8      | Killed Erica
  7612 | D:8      | XOM: harmless Hex miscast
  7661 | D:8      | Noticed an unseen horror
  7678 | D:8      | Killed an unseen horror
  7887 | D:8      | XOM: cleaving
  7942 | D:8      | XOM: harmless Conj miscast
  8126 | D:8      | XOM: scenery: create altars
  8158 | D:8      | Reached skill level 10 in Fighting
  8158 | D:8      | XOM: swap monsters
  8179 | D:8      | XOM: summons 1 hostile shadow creature
  8188 | D:8      | XOM: torment (18/85 hp)
  8193 | D:8      | HP: 1/85 [shadow imp/nerve-wracking pain[Xom] (7)]
  8193 | D:8      | Slain by a killer bee

Skill      XL: |  1  2  3  4  5  6  7  8  9 10 |
---------------+-------------------------------+-----
Polearms       | 5 6 7 9 10 11 12 | 12.2
Dodging        | 3 4 7 9 |  9.2
Evocations     | 1 2 4 6 |  6.7
Fighting       | 4 6 9 10 | 10.0
Armour         | |  0.6

Action                   |  1- 3 |  4- 6 |  7- 9 | 10-12 || total
-------------------------+-------+-------+-------+-------++-------
Melee: Spear             |   102 |   184 |   572 |    81 ||   939
       Halberd           |       |       |       |    53 ||    53
  Use: Scroll            |       |       |     2 |       ||     2
       Potion            |       |       |     1 |     2 ||     3
 Stab: Sleeping          |       |     2 |     4 |       ||     6
       Petrified         |       |    11 |    10 |       ||    21
       Confused          |       |     4 |     9 |     2 ||    15
       Petrifying        |       |     1 |     1 |       ||     2
       Paralysed         |       |       |     9 |       ||     9
       Invisible         |       |       |     9 |       ||     9
  Eat: Chunk             |       |     6 |    14 |     3 ||    23
Armor: Leather armour    |    22 |    16 |    50 |    30 ||   118
Dodge: Dodged            |    62 |    29 |   172 |   129 ||   392
